 Dungeon Crawl Stone Soup version 0.28-a0-630-g0357d9c091 (webtiles) character file.

Game seed: 17008941083324317895

1976343 EnegeticOcto the Slayer (level 27, 221/221 HPs)
             Began as a Djinni Summoner on Oct 9, 2021.
             Was the Champion of Cheibriados.
             Escaped with the Orb
             ... and 3 runes!
             The game lasted 02:05:22 (48978 turns).

EnegeticOcto the Slayer (Djinni Summoner)          Turns: 48978, Time: 02:05:23

Health: 221/221    AC: 24    Str: 28    XL:     27
Gold:   4557       EV: 40    Int: 46    God:    Cheibriados [******] SH: 23 Dex: 35

rFire   + + .      SeeInvis .     - Unarmed
rCold   . . .      Faith    .   v - +5 kite shield {AC+3}
rNeg    . . .      Spirit   .   r - +4 troll leather armour {Snorg}
rPois   ∞          Reflect  .   I - +2 helmet {Int+3}
rElec   .          Harm     .   i - +2 cloak {rCorr}
rCorr   +          Rampage  .   q - +2 pair of gloves "Feacy" {Str+4}
Will    +++++                   (boots unavailable)
Stlth   ++........              u - amulet of regeneration
HPRegen 2.46/turn               h - ring of protection from cold
MPRegen 0.00/turn               H - ring "Qaysk" {*Corrode Will+++ EV+4 Dex+4 Stlth+}

@: flying, studying 2 skills, very slow
A: sickness immunity, fire resistance 2, cold vulnerability 1, float, innate
caster, hp casting, extra vitality 1, screaming 2, strong 1, evolution 1,
subdued magic 1
0: Orb of Zot
}: 3/15 runes: decaying, silver, gossamer
a: Renounce Religion, Bend Time, Temporal Distortion, Slouch, Step From Time


You escaped.
You worshipped Cheibriados.
Cheibriados was exalted by your worship.
You visited 10 branches of the dungeon, and saw 49 of its levels.
You also visited: Ice Cave and Volcano.

You collected 8458 gold pieces.
You spent 3901 gold pieces at shops.

Inventory:

Hand Weapons
 g - a +3 dagger of distortion
   (You took it off Psyche on level 8 of the Dungeon)
Missiles
 f - 24 atropa-tipped darts (quivered)
 x - 9 curare-tipped darts
 Z - 2 throwing nets {!f}
Armour
 i - a +2 cloak of preservation (worn)
   (You took it off Nikola on level 1 of the Spider Nest)
 q - the +2 pair of gloves "Feacy" (worn) {Str+4}
   (You found it on level 4 of the Vaults)

   Str:       It affects your strength (+4).
 r - a +4 troll leather armour (worn) {Snorg}
   (You found it on level 12 of the Dungeon)
 v - a +5 kite shield of protection (worn)
   (You found it on level 3 of the Spider Nest)
 I - a +2 helmet of intelligence (worn)
   (You found it on level 3 of the Spider Nest)
 P - a scarf of resistance
   (You found it on level 1 of the Spider Nest)
Jewellery
 a - a ring of willpower
   (You found it on level 6 of the Dungeon)
 h - a ring of protection from cold (left hand)
   (You bought it in a shop on level 2 of the Orcish Mines)
 u - an amulet of regeneration (around neck)
   (You acquired it on level 11 of the Dungeon)
 B - the ring of Rafudopo {Ice +Blink rPois Int-3 Dex+4}
   (You bought it in a shop on level 2 of the Orcish Mines)

   [ring of ice]

   It enhances your ice magic.
   Int:       It affects your intelligence (-3).
   Dex:       It affects your dexterity (+4).
   rF:        It makes you vulnerable to fire.
   rC:        It protects you from cold.
   rPois:     It protects you from poison.
   +Blink:    It lets you blink.
 H - the ring "Qaysk" (right hand) {*Corrode Will+++ EV+4 Dex+4 Stlth+}
   (You found it on level 8 of the Dungeon)

   [ring of evasion]

   EV:        It affects your evasion (+4).
   Dex:       It affects your dexterity (+4).
   *Corrode:  It may corrode you when you take damage.
   Will:      It greatly increases your willpower.
   Stlth:     It makes you more stealthy.
 L - a ring of resist corrosion
   (You found it on level 1 of the Lair of Beasts)
 Q - a ring of wizardry
   (You found it on level 2 of the Depths)
Wands
 s - a wand of iceblast (129) {@v2}
   (You found it on level 5 of the Dungeon)
 F - a wand of acid (23) {@v1}
   (You found it on level 4 of the Spider Nest)
 N - a wand of mindburst (55)
   (You found it in an ice cave)
 O - a wand of polymorph (14)
   (You found it on level 2 of the Lair of Beasts)
 V - a wand of charming (14)
   (You found it on level 5 of the Lair of Beasts)
 W - a wand of digging (16) {@v3}
   (You found it on level 6 of the Lair of Beasts)
Scrolls
 j - 7 scrolls of immolation
 l - 13 scrolls of holy word
 n - 7 scrolls of magic mapping {@r5 !r}
 p - 9 scrolls of fog {!r}
 t - 19 scrolls of teleportation {@r3 !r}
 y - 3 scrolls of torment
 z - 2 scrolls of blinking {@r4}
 A - a scroll of silence
 D - 3 scrolls of vulnerability
 J - 13 scrolls of fear {!r}
 S - 3 scrolls of summoning
Potions
 b - 15 potions of heal wounds {@q2 !q}
 d - 3 potions of brilliance
 k - 16 potions of curing {@q1 !q}
 m - 6 potions of might {@q3 !q}
 w - 5 potions of resistance
 C - a potion of cancellation
 G - 7 potions of lignification {@q6}
 K - 9 potions of ambrosia
 M - 5 potions of mutation
 R - 2 potions of berserk rage
 T - 2 potions of invisibility
 U - 3 potions of attraction
Miscellaneous
 c - a condenser vane
   (You found it on level 3 of the Elven Halls)
 e - a box of beasts
   (You found it on level 3 of the Elven Halls)
 o - a phantom mirror
   (You found it on level 5 of the Vaults)
 E - a tin of tremorstones (1/2)
   (You found it on level 7 of the Dungeon)
 X - a lightning rod (4/4)
   (You found it on level 6 of the Lair of Beasts)
 Y - a phial of floods
   (You found it on level 3 of the Swamp)


   Skills:
 - Level 25.0 Fighting
 - Level 13.6 Armour
 - Level 18.0 Dodging
 - Level 6.0 Stealth
 - Level 15.0 Shields
 - Level 21.6 Unarmed Combat
 * Level 17.4 Spellcasting
 - Level 15.0 Invocations
 - Level 4.0 Evocations


You couldn't memorise any spells.
You knew the following spells:

 Your Spells              Type           Power      Damage    Failure   Level
a - Starburst             Conj/Fire      50%        6d14      1%          6
b - Invisibility          Hex            50%        N/A       1%          6
c - Statue Form           Tmut/Erth      67%        N/A       1%          6
d - Summon Guardian Gole  Hex/Summ       100%       N/A       0%          3
e - Summon Lightning Spi  Summ/Air       100%       N/A       0%          4
f - Call Imp              Summ           100%       N/A       0%          2
g - Slow                  Hex            100%       N/A       0%          2
h - Dazzling Flash        Conj/Hex       100%       N/A       0%          3
i - Summon Small Mammal   Summ           100%       N/A       0%          1
j - Alistair's Intoxicat  Tmut/Pois      67%        N/A       0%          5
k - Call Canine Familiar  Summ           100%       N/A       0%          3
l - Sandblast             Erth           100%       2d20      0%          1
m - Flame Wave            Conj/Fire      100%       3d16      0%          4
n - Orb of Destruction    Conj           50%        9d15      1%          7
o - Monstrous Menagerie   Summ           50%        N/A       1%          7
p - Chain Lightning       Conj/Air       50%        3d67      38%         9
q - Shatter               Erth           50%        3d38*     38%         9
z - Poisonous Vapours     Pois/Air       100%       N/A       0%          2
Your spell library was empty.

Dungeon Overview and Level Annotations

Branches:
Dungeon (15/15)            Temple (1/1) D:5            Lair (6/6) D:11
  Swamp (4/4) Lair:4       Spider (4/4) Lair:4        Slime (0/5) Lair:6
    Orc (2/2) D:9             Elf (3/3) Orc:2        Vaults (5/5) D:13
  Crypt (0/3) Vaults:3     Depths (4/4) D:15            Zot (5/5) Depths:4
  IceCv (visited)         Volcano (visited)

Altars:
Ashenzari
Cheibriados
Dithmenos
Elyvilon
Fedhas
Gozag
Hepliaklqana
Kikubaaqudgha
Makhleb
Nemelex Xobeh
Okawaru
Qazlal
Ru
Sif Muna
Trog
Uskayaw
Vehumet
Wu Jian
Xom
Yredelemnul
Zin
The Shining One
Beogh
Jiyva

Shops:
D:11 ?   D:13 *   Orc:1 *   Orc:2 :=[?   Elf:1 *:(:   Elf:2 *   Elf:3 [
Depths:2 ([[=

Portals:
Hell: Depths:1 Depths:2 Depths:3 Depths:4
Abyss: Depths:1 Depths:3
Pandemonium: Depths:2
Ziggurat: Depths:3
Trove: D:10 (give horn of Geryon)

Annotations:
D:7 2 transporters, TimeIsEndless's ghost, novice HOMo
Elf:2 3 runed translucent doors
Depths:1 exclusion: 2 ice statues
Zot:5 3 runed translucent doors, 4 exclusions, Johnny's ghost, master DrIE


Innate Abilities, Weirdness & Mutations

You are immune to sickness and miasma.
You are immune to poison.
Your flesh is very heat resistant. (rF++)
You are vulnerable to cold. (rC-)
You float through the air rather than walking.
You learn spells naturally, not from books.
Your magical power is your life essence.
You have superior vitality. (+4 HP)
You frequently scream uncontrollably at your foes.
Your muscles are strong. (Str +2)
You have hidden genetic potential.
Your spells are a little easier to cast, but a little less powerful.


Message History

There is a stone staircase leading down here.
There is a stone staircase leading up here.
You fly upwards.
There is a stone staircase leading down here.
There is a stone staircase leading up here.
You fly upwards.
There is a stone staircase leading down here.
There is a stone staircase leading up here.
You fly upwards.
There is a stone staircase leading down here.
There is a dry fountain here.
There is a dry fountain here.
There is a stone staircase leading up here.
You fly upwards.
There is a stone staircase leading down here.
A green death comes into view.
The green death gestures at you. The bolt of poison misses you.
Unknown command.
Unknown command.
The green death gestures at you. The bolt of poison misses you.
Casting: Statue Form (safe; 1% risk of failure)
Confirm with . or Enter, or press ? or * to list all spells.
Casting: Starburst (safe; 1% risk of failure)
Press: ? - help, Dir - look around, f - activate The bolt of fire hits the green death!!!
The green death is severely wounded.
The green death gestures at you. The bolt of poison misses you.
Casting: Starburst (safe; 1% risk of failure)
Confirm with . or Enter, or press ? or * to list all spells.
Casting: Starburst (safe; 1% risk of failure)
Press: ? - help, Dir - look around, f - activate The bolt of fire hits the green death!!!
You kill the green death!
Cheibriados thoroughly appreciates the change of pace.
(D) Dungeon (T) Temple (L) Lair (S) Swamp (N) Spider Nest (M) Slime Pits (O) Orcish Mines (E) Elven Halls (V) Vaults (C) Crypt (U) Depths (H) Hell (Z) Zot
Where to? (Enter - D:1 @ (x,y), ? - help) HP restored.
There is a stone staircase leading up here.
You fly upwards.
There is a stone staircase leading down here.
There is a large open door here.
A ball python and a rakshasa come into view.
Unknown command.
The ball python hisses angrily.
The ball python completely misses you. The ball python misses you.
Casting: Starburst (safe; 1% risk of failure)
Confirm with . or Enter, or press ? or * to list all spells.
Casting: Starburst (safe; 1% risk of failure)
Press: ? - help, Dir - look around, f - activate The bolt of fire hits the ball python!!!
You kill the ball python!
Cheibriados appreciates the change of pace.
Casting: Starburst (safe; 1% risk of failure)
Confirm with . or Enter, or press ? or * to list all spells.
Casting: Starburst (safe; 1% risk of failure)
Press: ? - help, Dir - look around, f - activate The bolt of fire hits the rakshasa!!
The rakshasa is heavily wounded.
You block the rakshasa's attack.
Casting: Starburst (safe; 1% risk of failure)
Confirm with . or Enter, or press ? or * to list all spells.
Casting: Starburst (safe; 1% risk of failure)
Press: ? - help, Dir - look around, f - activate The bolt of fire hits the rakshasa!
The rakshasa is severely wounded.
The injured rakshasa weaves a defensive illusion!
The rakshasa gestures at you. The lance of force misses you.
You block the rakshasa's attack.
Casting: Starburst (safe; 1% risk of failure)
Confirm with . or Enter, or press ? or * to list all spells.
Casting: Starburst (safe; 1% risk of failure)
Press: ? - help, Dir - look around, f - activate The bolt of fire hits the rakshasa!!!
You kill the rakshasa!
The rakshasa shimmers and vanishes!
The bolt of fire hits the rakshasa!!!
You kill the rakshasa!
The rakshasa shimmers and vanishes!
Casting: Starburst (safe; 1% risk of failure)
Confirm with . or Enter, or press ? or * to list all spells.
Casting: Starburst (safe; 1% risk of failure)
Press: ? - help, Dir - look around, f - activate The bolt of fire hits the rakshasa!!!
You kill the rakshasa!
Cheibriados thoroughly appreciates the change of pace.
(D) Dungeon (T) Temple (L) Lair (S) Swamp (N) Spider Nest (M) Slime Pits (O) Orcish Mines (E) Elven Halls (V) Vaults (C) Crypt (U) Depths (H) Hell (Z) Zot
Where to? (Enter - D:1 @ (x,y), ? - help) HP restored.
There is an open gate here.
There is a staircase leading out of the dungeon here.
Unknown command.
You have escaped!

####♣♣ ####......#.##......#. ♣♣♣
♣.♣♣♣♣ #⌠⌠##.##.##.##..(##.#.
############..##.......###.###.#.
..............#.....##.# #.# #.#.
..............##.#####.###.###.#.
..##......##..##.# ##...........
..##......##..####♣♣#............
..............'..#.♣#...........#
..............'.@#.♣##.###.###...
.......)......'..#.♣#..# #.##...#
..##......##..####♣♣#### #.#.....
..##......##..# #.....##
..............# #...##..
..............# #.#.#.†⌠
#############'###### #.#.#†⌠⌠ ♣♣♣
♣♣♣♣♣♣ #.#....## #.#..#.. ######
####.###...######.##.###


There were no monsters in sight!

Vanquished Creatures
  6 dread liches (Zot:5)
  6 orbs of fire
  2 ancient liches (Zot:5)
  2 juggernauts
  4 Killer Klowns
  Saint Roka (Depths:3)
  Margery (Depths:4)
  Frederick (Depths:4)
  A curse toe (Zot:3)
  4 caustic shrikes
  9 golden dragons
  Arachne (Spider:1)
  3 hellephants (Depths:4)
  6 liches
  10 tentacled monstrosities
  Mlioglotl (Spider:2)
  A walking crystal tome (Depths:2)
  An Ice Fiend (Depths:1)
  18 Orb Guardians
  4 quicksilver dragons
  Asterion (Depths:1)
  2 deep elf blademasters (Elf:3)
  11 titans
  4 deep elf master archers (Elf:3)
  11 sphinxes
  2 thorn hunters
  Agnes (Spider:2)
  13 tengu reavers
  12 storm dragons
  A draconian monk (Zot:2)
  7 shadow dragons
  Roxanne (Swamp:4)
  Kirke (D:13)
  Donald (Spider:3)
  7 deep elf sorcerers
  A draconian scorcher (Zot:3)
  13 frost giants
  4 orc warlords
  8 fire giants
  5 draconian knights
  12 vault wardens
  An iron dragon (Depths:2)
  8 emperor scorpions
  Aizul (Depths:2)
  2 draconian shifters
  2 deep elf elementalists (Elf:3)
  A draconian stormcaller (Zot:3)
  2 ghost moths (Spider:4)
  30 stone giants
  3 draconian annihilators
  5 war gargoyles
  26 very ugly things
  A quicksilver ooze (shapeshifter) (Vaults:5)
  18 ironbound preservers
  4 yellow draconians
  2 vampire knights
  5 black draconians
  5 white draconians
  6 purple draconians
  Azrael (Orc:2)
  10 deep elf demonologists
  5 deep elf annihilators
  12 dire elephants
  4 bunyips
  19 spark wasps
  An entropy weaver (Spider:3)
  11 deep elf death magi
  3 red draconians
  Snorg (D:12)
  20 ettins
  4 eleionomae
  A merfolk javelineer (Depths:2)
  Josephine (Spider:1)
  10 great orbs of eyes
  A shambling mangrove (Swamp:1)
  A green death (D:2)
  9 yaktaur captains
  7 deep elf high priests
  18 fire dragons
  An ice dragon (shapeshifter) (Depths:4)
  5 boulder beetles
  6 ironbound thunderhulks
  18 ice dragons
  2 peacekeepers
  Erolcha (D:10)
  32 vault guards
  21 hydras
  3 catoblepae (Lair:6)
  7 rakshasas
  A caustic shrike simulacrum (IceCv)
  3 ironbound frosthearts
  11 centaur warriors (Vaults:1)
  3 ogre magi
  2 ghost crabs
  3 spriggan air magi
  6 two-headed ogres
  6 death yaks (Lair:6)
  23 dancing weapons
  5 alligators
  7 deep troll shamans
  6 hell hogs (Depths:4)
  A vampire mage (Depths:2)
  18 deep troll earth magi
  8 tengu warriors
  4 spriggan berserkers
  A titan zombie (Vaults:3)
  An orc high priest (Orc:2)
  22 hell knights
  12 deep elf knights
  8 spriggans
  11 iron trolls
  2 goliath frogs (Swamp:1)
  A shadow wraith (Vaults:5)
  2 glowing orange brains
  63 deep trolls
  A flayed ghost (Depths:3)
  A shadow demon (Depths:3)
  3 bog bodies
  26 lindwurms
  7 phantasmal warriors
  5 deep elf archers
  14 ironbound convokers
  4 spriggan druids
  7 harpies
  18 wizards
  13 swamp dragons
  Pikel (D:8)
  A tengu zombie (Vaults:3)
  15 orc knights
  A stone giant zombie (Vaults:3)
  6 necromancers
  20 deep elf zephyrmancers
  7 manticores
  23 deep elf pyromancers
  21 orb spiders
  45 ugly things
  20 wolf spiders
  11 orc sorcerers
  A cyclops (shapeshifter) (Depths:3)
  10 cyclopes
  4 will-o-the-wisps
  9 moths of wrath
  17 elephants
  A moth of wrath (shapeshifter) (Depths:3)
  2 salamanders
  6 black mambas
  2 molten gargoyles (Volcano)
  A fire giant skeleton (Vaults:3)
  A water nymph (Lair:4)
  2 naga magi (D:15)
  3 gargoyles (Volcano)
  17 cane toads
  17 vault sentinels
  Psyche (D:8)
  6 torpor snails
  2 rime drakes
  15 komodo dragons
  17 yaktaurs
  3 freezing wraiths
  A tormentor (D:15)
  An efreet (D:14)
  3 tengu conjurers
  An anaconda simulacrum (IceCv)
  A golden dragon simulacrum (IceCv)
  15 demonic crawlers
  5 ice devils
  A hellwing (Zot:5)
  A red devil (Zot:2)
  2 trolls
  A wolf spider simulacrum (D:15)
  A silent spectre (Vaults:4)
  34 jumping spiders
  8 tyrant leeches
  A troll (shapeshifter) (Elf:3)
  3 meliai (D:13)
  4 polar bears
  14 hornets
  18 slime creatures
  A redback (shapeshifter) (Lair:2)
  Sigmund (D:4)
  An air elemental (Elf:3)
  35 tarantellas
  2 shadows
  A centaur simulacrum (D:14)
  A spriggan (shapeshifter) (Vaults:5)
  2 vampires
  55 redbacks
  4 wraiths (Spider:1)
  5 wyverns
  8 water elementals
  Eustachio (D:4)
  A ynoxinul (Depths:2)
  71 yaks
  8 fire elementals
  2 dire elephant simulacra (IceCv)
  A human (D:13)
  8 vampire mosquitoes
  6 basilisks
  12 wargs
  15 swamp worms
  A swamp worm (shapeshifter) (Vaults:5)
  A warg (shapeshifter) (Elf:3)
  3 hell hounds
  Duvessa (D:7)
  18 water moccasins
  2 floating eyes
  A floating eye (shapeshifter) (Vaults:5)
  6 swamp drakes
  A meliai simulacrum (D:14)
  An alligator simulacrum (IceCv)
  3 black bears (Lair:2)
  29 orc warriors
  A sky beast (D:7)
  An ettin simulacrum (IceCv)
  15 wolves
  12 ogres
  A tengu (shapeshifter) (Vaults:5)
  4 centaurs
  A kobold brigand (D:7)
  15 bullfrogs
  Dowan (D:7)
  An earth elemental (Elf:2)
  A hornet simulacrum (D:15)
  2 lindwurm simulacra (IceCv)
  7 wights
  2 howler monkeys
  5 electric eels
  2 centaur zombies
  A jelly (D:4)
  18 orc priests
  A bullfrog zombie (D:6)
  3 centaur skeletons
  2 hounds (D:5)
  An iron imp (Spider:1)
  A scorpion zombie (D:5)
  38 orc wizards
  A howler monkey zombie (D:9)
  Robin (D:2)
  12 gnolls
  5 adders
  A shadow imp (D:8)
  2 worms
  3 dart slugs
  89 orcs
  8 endoplasms
  2 giant cockroaches
  4 hobgoblins
  2 jackals (D:2)
  6 quokkas
  5 ball pythons
  4 bats
  5 frilled lizards
  12 goblins
  15 kobolds
  4 rats
  A bush (Lair:3)
1935 creatures vanquished.

Vanquished Creatures (collateral kills)
  Nikola (Spider:1)
  The ghost of dricus the Fighter, a journeyman DgAE (Lair:5)
  A black draconian (Zot:5)
  A caustic shrike simulacrum (IceCv)
  A hell knight (Volcano)
  A deep elf pyromancer (Volcano)
  A wizard (D:7)
  An orc knight (Volcano)
  3 oklob plants (Lair:1)
  A black mamba (Lair:5)
  2 molten gargoyles (Volcano)
  2 cane toads
  A gargoyle (Volcano)
  A steam dragon (D:6)
  3 water moccasins
  A warg (Orc:1)
  2 acid dragons
  2 hydra simulacra (IceCv)
  An orc warrior (D:11)
  An ice beast (D:6)
  An alligator simulacrum (IceCv)
  A centaur (D:7)
  A kobold brigand (D:6)
  A wight (D:7)
  3 centaur zombies
  An orc priest (D:11)
  A bullfrog skeleton (D:5)
  An iguana (D:6)
  2 orc wizards
  A bullfrog simulacrum (D:7)
  3 gnolls
  2 white imps
  2 dart slugs (D:2)
  3 orcs
  4 endoplasms
  4 goblins
  A hobgoblin (D:2)
  3 kobolds
  2 bats (D:1)
  A frilled lizard (D:1)
66 creatures vanquished.

Vanquished Creatures (others)
  A tentacled monstrosity (Zot:3)
  A death cob (Zot:5)
  A ghost moth (Zot:3)
  A tengu warrior (Depths:2)
  A deep troll earth mage (Vaults:4)
  A two-headed ogre (D:9)
  An ironbound convoker (Vaults:3)
  A necromancer (Depths:3)
  A wolf spider (Spider:2)
  An oklob plant (Lair:1)
  A moth of wrath (Zot:3)
  An unseen horror (D:13)
  2 bloated husks (Swamp:1)
  A human (D:13)
  A harpy simulacrum (IceCv)
  A water moccasin (D:5)
  An orc warrior (D:4)
  A centaur (D:8)
  An electric eel (Spider:3)
  A gnoll shaman (D:6)
  A gnoll (D:6)
  An ufetubus (D:4)
  An adder skeleton (D:4)
  24 foxfires
  31 fungi
  43 plants
  2 starspawn tentacles (Spider:2)
124 creatures vanquished.

Grand Total: 2125 creatures vanquished

Notes
Turn   | Place    | Note
-------+----------+-------------------------------------------
     0 | D:1      | EnegeticOcto the Djinni Summoner began the quest for the
                  | Orb.
     0 | D:1      | Reached XP level 1. HP: 15/15 MP: 0/0
   239 | D:1      | Reached skill level 2 in Stealth
   394 | D:1      | Reached XP level 2. HP: 22/22 MP: 0/0
   403 | D:1      | Reached skill level 1 in Fighting
   879 | D:1      | Reached XP level 3. HP: 27/27 MP: 0/0
   879 | D:1      | Learned a level 1 spell: Sandblast
  1174 | D:2      | Noticed Robin
  1188 | D:2      | Killed Robin
  1210 | D:2      | Reached skill level 4 in Spellcasting
  1214 | D:2      | Reached XP level 4. HP: 17/32 MP: 0/0
  1607 | D:2      | Reached skill level 2 in Fighting
  2226 | D:3      | Found a faded altar of an unknown god.
  2242 | D:3      | Reached XP level 5. HP: 37/38 MP: 0/0
  2242 | D:3      | Learned a level 2 spell: Slow
  2903 | D:4      | Noticed an orc warrior
  3592 | D:4      | Noticed Eustachio
  3612 | D:4      | Killed Eustachio
  3613 | D:4      | Reached skill level 3 in Stealth
  3613 | D:4      | Reached skill level 5 in Spellcasting
  3613 | D:4      | Reached XP level 6. HP: 24/44 MP: 0/0
  3928 | D:4      | Noticed Sigmund
  3948 | D:4      | Killed an orc warrior
  3949 | D:4      | Reached skill level 3 in Fighting
  3949 | D:4      | Reached XP level 7. HP: 35/50 MP: 0/0
  3949 | D:4      | Learned a level 2 spell: Poisonous Vapours
  3963 | D:4      | Killed Sigmund
  4679 | D:5      | Entered Level 5 of the Dungeon
  4778 | D:5      | Reached skill level 4 in Fighting
  4947 | D:5      | Noticed a water moccasin
  4957 | D:5      | Killed a water moccasin
  4958 | D:5      | Reached skill level 1 in Shields
  4958 | D:5      | Reached XP level 8. HP: 33/58 MP: 0/0
  5124 | D:5      | Found a staircase to the Ecumenical Temple.
  5140 | Temple   | Entered the Ecumenical Temple
  5278 | Temple   | Became a worshipper of Cheibriados the Contemplative
  5547 | D:5      | Reached skill level 2 in Shields
  5780 | D:6      | Reached skill level 6 in Spellcasting
  5821 | D:6      | Reached skill level 5 in Fighting
  6084 | D:6      | Reached skill level 4 in Shields
  6084 | D:6      | Reached XP level 9. HP: 57/65 MP: 0/0
  6084 | D:6      | Learned a level 3 spell: Dazzling Flash
  6290 | D:6      | Reached * piety under Cheibriados
  6302 | D:6      | Reached skill level 7 in Spellcasting
  6308 | D:6      | Reached skill level 2 in Evocations
  6365 | D:6      | Reached skill level 3 in Evocations
  6373 | D:6      | Reached skill level 4 in Evocations
  6500 | D:6      | Reached skill level 1 in Invocations
  6858 | D:6      | Reached skill level 2 in Invocations
  7332 | D:7      | Reached skill level 3 in Invocations
  7353 | D:7      | Noticed a wizard
  7353 | D:7      | Noticed an orc sorcerer
  7360 | D:7      | Noticed an ice devil
  7365 | D:7      | Killed a wizard
  7366 | D:7      | Reached skill level 5 in Invocations
  7369 | D:7      | Killed an orc sorcerer
  7370 | D:7      | Reached skill level 6 in Fighting
  7370 | D:7      | Reached XP level 10. HP: 35/73 MP: 0/0
  7734 | D:7      | Reached skill level 7 in Fighting
  7804 | D:7      | Reached ** piety under Cheibriados
  7874 | D:7      | Noticed a wizard
  7886 | D:7      | Killed a wizard
  7887 | D:7      | Reached skill level 8 in Fighting
  8056 | D:7      | Noticed Duvessa
  8059 | D:7      | Noticed Dowan
  8071 | D:7      | Killed Duvessa
  8074 | D:7      | Killed Dowan
  8340 | D:7      | Found a transporter.
  8346 | D:7      | Noticed TimeIsEndless's ghost (novice HOMo)
  8353 | D:7      | Found a transporter.
  8659 | D:7      | Found a hide-covered altar of Uskayaw.
  8802 | D:8      | Noticed Pikel
  8813 | D:8      | Killed Pikel
  8888 | D:8      | Identified the ring "Qaysk" {*Corrode Will+++ EV+4 Dex+4
                  | Stlth+}
  8952 | D:8      | Noticed a two-headed ogre
  8971 | D:8      | Killed a two-headed ogre
  8972 | D:8      | Reached skill level 9 in Fighting
  8972 | D:8      | Reached skill level 8 in Spellcasting
  9225 | D:8      | Noticed Psyche
  9237 | D:8      | Killed Psyche
  9238 | D:8      | Reached XP level 11. HP: 65/84 MP: 0/0
  9238 | D:8      | Learned a level 4 spell: Flame Wave
  9500 | D:8      | Reached skill level 10 in Fighting
  9996 | D:9      | Reached *** piety under Cheibriados
 10445 | D:9      | Found a staircase to the Orcish Mines.
 10544 | D:9      | Reached skill level 4 in Stealth
 10561 | D:9      | Noticed a two-headed ogre
 10951 | D:9      | Noticed a two-headed ogre
 10962 | D:9      | Killed a two-headed ogre
 11617 | D:10     | Entered Level 10 of the Dungeon
 11633 | D:10     | Noticed Erolcha
 11642 | D:10     | Killed Erolcha
 11643 | D:10     | Reached skill level 5 in Stealth
 11715 | D:10     | Reached **** piety under Cheibriados
 11837 | D:10     | Found a hazy altar of Hepliaklqana.
 11926 | D:10     | Reached skill level 9 in Spellcasting
 12095 | D:10     | Found a shadowy altar of Dithmenos.
 12095 | D:10     | Found a stormy altar of Qazlal.
 12126 | D:10     | Found a portal to a secret trove of treasure.
 12413 | D:10     | Reached skill level 6 in Stealth
 13020 | D:11     | Noticed a two-headed ogre
 13032 | D:11     | Killed a two-headed ogre
 13033 | D:11     | Reached XP level 12. HP: 76/91 MP: 0/0
 13220 | D:11     | Found Myptoav's Magic Scroll Shoppe.
 13229 | D:11     | Bought a scroll of teleportation for 36 gold pieces
 13229 | D:11     | Bought a scroll of blinking for 90 gold pieces
 13229 | D:11     | Bought a scroll of identify for 24 gold pieces
 13229 | D:11     | Bought a scroll of identify for 24 gold pieces
 13229 | D:11     | Bought a scroll of identify for 24 gold pieces
 13268 | D:11     | Found a staircase to the Lair.
 13268 | D:11     | Noticed a boulder beetle
 13274 | D:11     | Killed a boulder beetle
 13274 | D:11     | Reached ***** piety under Cheibriados
 13275 | D:11     | Reached skill level 10 in Spellcasting
 13758 | D:11     | Identified a scroll of acquirement
 13765 | D:11     | Acquired an amulet of regeneration
 13775 | Lair:1   | Entered Level 1 of the Lair of Beasts
 13784 | Lair:1   | Reached skill level 6 in Invocations
 13813 | Lair:1   | Noticed a six-headed hydra
 13825 | Lair:1   | Killed a six-headed hydra
 14003 | Lair:1   | Reached skill level 7 in Invocations
 14098 | Lair:1   | Noticed an eight-headed hydra
 14111 | Lair:1   | Killed an eight-headed hydra
 14112 | Lair:1   | Reached skill level 8 in Invocations
 14112 | Lair:1   | Reached skill level 3 in Dodging
 14169 | Lair:1   | Reached skill level 4 in Dodging
 14232 | Lair:1   | Reached skill level 5 in Dodging
 14243 | Lair:1   | Identified the +5 hunting sling "Plog" {venom, Fly rPois
                  | Will+ Dex-2}
 14530 | Lair:1   | Reached skill level 6 in Dodging
 14530 | Lair:1   | Reached skill level 1 in Armour
 14740 | Lair:2   | Reached skill level 2 in Armour
 14741 | Lair:2   | Reached skill level 3 in Armour
 14750 | Lair:2   | Reached skill level 4 in Armour
 14750 | Lair:2   | Reached XP level 13. HP: 71/96 MP: 0/0
 14750 | Lair:2   | Learned a level 5 spell: Alistair's Intoxication
 14763 | Lair:2   | Reached skill level 11 in Fighting
 14935 | Lair:2   | Noticed Nergalle
 14942 | Lair:2   | Noticed Nergalle
 14942 | Lair:2   | Nergalle changed into Nergalle the glowing shapeshifter
 14943 | Lair:2   | Noticed Nergalle
 14943 | Lair:2   | Nergalle the glowing shapeshifter changed into Nergalle the
                  | moth of wrath
 14949 | Lair:2   | Noticed Nergalle
 14949 | Lair:2   | Nergalle the moth of wrath changed into Nergalle the
                  | lindwurm
 14953 | Lair:2   | Noticed Nergalle
 14953 | Lair:2   | Nergalle the lindwurm changed into Nergalle the manticore
 14954 | Lair:2   | Noticed Nergalle
 14954 | Lair:2   | Nergalle the manticore changed into Nergalle the two-headed
                  | ogre
 14957 | Lair:2   | Noticed Nergalle
 14957 | Lair:2   | Nergalle the two-headed ogre changed into Nergalle the
                  | redback
 14958 | Lair:2   | Killed Nergalle the redback
 14986 | Lair:2   | Noticed a four-headed hydra
 14994 | Lair:2   | Killed a four-headed hydra
 15013 | Lair:2   | Reached skill level 12 in Fighting
 15302 | Lair:3   | Reached skill level 7 in Dodging
 15313 | Lair:3   | Reached skill level 8 in Dodging
 15321 | Lair:3   | Noticed a seven-headed hydra
 15325 | Lair:3   | Killed a seven-headed hydra
 15385 | Lair:3   | Identified the +9 whip of Exquisite Torment {venom, Dex+2}
 15453 | Lair:3   | Reached skill level 13 in Fighting
 15642 | Lair:3   | Identified the +2 ring mail of the Barnacle {Drain *Slow
                  | +Inv Str+5}
 16072 | Lair:3   | Acquired a manual of Armour
 16171 | Lair:4   | Reached ****** piety under Cheibriados
 16174 | Lair:4   | Reached XP level 14. HP: 105/110 MP: 0/0
 16229 | Lair:4   | Found a hole to the Spider Nest.
 16253 | Lair:4   | Reached skill level 5 in Armour
 16376 | Lair:4   | Noticed Nessos
 16377 | Lair:4   | Noticed Nessos
 16377 | Lair:4   | Nessos changed into Nessos the water nymph
 16382 | Lair:4   | Killed Nessos the water nymph
 16549 | Lair:4   | Found a staircase to the Swamp.
 16809 | Lair:5   | Reached skill level 6 in Armour
 16873 | Lair:5   | Reached skill level 7 in Armour
 16928 | Lair:5   | Found a dark tunnel.
 16934 | Lair:5   | Reached skill level 14 in Fighting
 16946 | Volcano  | Entered a volcano
 16987 | Volcano  | Reached skill level 8 in Armour
 17261 | Volcano  | Reached skill level 9 in Invocations
 17563 | Volcano  | Noticed an orb of fire
 17623 | Volcano  | Noticed an orb of fire
 17737 | Lair:5   | Reached skill level 10 in Invocations
 17887 | Lair:5   | Found a runed translucent door.
 17888 | Lair:5   | Noticed dricus's ghost (journeyman DgAE)
 18353 | Lair:5   | Killed dricus's ghost
 18383 | Lair:6   | Entered Level 6 of the Lair of Beasts
 18513 | Lair:6   | Reached skill level 9 in Armour
 18690 | Lair:6   | Found a staircase to the Slime Pits.
 18705 | Lair:6   | Reached skill level 9 in Dodging
 18722 | Lair:6   | Reached skill level 10 in Armour
 18769 | Lair:6   | Reached XP level 15. HP: 73/117 MP: 0/0
 18769 | Lair:6   | Learned a level 6 spell: Statue Form
 18783 | Lair:6   | Reached skill level 1 in Unarmed Combat
 18887 | Lair:6   | Reached skill level 11 in Armour
 18887 | Lair:6   | Reached skill level 2 in Unarmed Combat
 18946 | Lair:6   | Reached skill level 10 in Dodging
 19235 | Lair:6   | Reached skill level 3 in Unarmed Combat
 19302 | Lair:6   | Reached skill level 12 in Armour
 19302 | Lair:6   | Reached skill level 4 in Unarmed Combat
 19802 | Orc:1    | Entered Level 1 of the Orcish Mines
 20163 | Orc:1    | Noticed an orc warlord
 20165 | Orc:1    | Reached skill level 11 in Dodging
 20170 | Orc:1    | Killed an orc warlord
 20227 | Orc:1    | Found Lacle's Luxury Loot.
 20239 | Orc:1    | Reached skill level 5 in Unarmed Combat
 20548 | Orc:2    | Entered Level 2 of the Orcish Mines
 20755 | Orc:2    | Reached skill level 13 in Armour
 20862 | Orc:2    | Noticed Azrael
 20870 | Orc:2    | Killed Azrael
 20990 | Orc:2    | Reached skill level 6 in Unarmed Combat
 20992 | Orc:2    | Gained mutation: You occasionally shout uncontrollably at
                  | your foes. [a neqoxec]
 21002 | Orc:2    | Found Imousat's Magic Scroll Shoppe.
 21011 | Orc:2    | Found Gamoowe's Book Emporium.
 21068 | Orc:2    | Reached XP level 16. HP: 123/123 MP: 0/0
 21127 | Orc:2    | Found a staircase to the Elven Halls.
 21268 | Orc:2    | Found Haorghyox's Antique Armour Emporium.
 21276 | Orc:2    | Bought a shiny helmet for 195 gold pieces
 21325 | Orc:2    | Found Asiaduve's Jewellery Shoppe.
 21327 | Orc:2    | Bought a scroll of summoning for 152 gold pieces
 21327 | Orc:2    | Bought a scroll of magic mapping for 56 gold pieces
 21327 | Orc:2    | Bought a scroll of teleportation for 48 gold pieces
 21327 | Orc:2    | Bought a scroll of fog for 32 gold pieces
 21327 | Orc:2    | Bought a scroll of fear for 56 gold pieces
 21335 | Orc:2    | Bought a ring of protection from cold for 325 gold pieces
 21335 | Orc:2    | Bought the ring of Rafudopo {Ice +Blink rPois Int-3 Dex+4}
                  | for 588 gold pieces
 21591 | D:12     | Noticed Snorg
 21593 | D:12     | Reached skill level 12 in Dodging
 21597 | D:12     | Killed Snorg
 21603 | D:12     | Reached skill level 7 in Unarmed Combat
 22196 | D:13     | Reached skill level 8 in Unarmed Combat
 22290 | D:13     | Reached skill level 9 in Unarmed Combat
 22291 | D:13     | Noticed Kirke
 22301 | D:13     | Killed Kirke
 22323 | D:13     | Found Ylaqino's Assorted Antiques.
 22325 | D:13     | Noticed Maurice
 22329 | D:13     | Noticed Maurice
 22332 | D:13     | Killed Maurice the endoplasm
 22342 | D:13     | Bought a scroll of teleportation for 87 gold pieces
 22342 | D:13     | Bought a kite shield for 130 gold pieces
 22342 | D:13     | Bought a scroll of identify for 58 gold pieces
 22716 | D:13     | Noticed Sonja
 22726 | D:13     | Noticed Sonja
 22726 | D:13     | Sonja changed into Sonja the harpy
 22730 | D:13     | Killed Sonja the harpy
 22743 | D:13     | Reached skill level 5 in Shields
 22745 | D:13     | Found a gate to the Vaults.
 22994 | D:14     | Reached skill level 10 in Unarmed Combat
 23512 | D:15     | Entered Level 15 of the Dungeon
 23588 | D:15     | Reached skill level 6 in Shields
 23821 | D:15     | Found a frozen archway.
 23835 | IceCv    | Entered an ice cave
 24372 | D:15     | Reached skill level 7 in Shields
 24541 | D:15     | Found a basalt altar of Yredelemnul.
 24687 | D:15     | Reached XP level 17. HP: 129/129 MP: 0/0
 24687 | D:15     | Learned a level 6 spell: Invisibility
 24689 | D:15     | Reached skill level 11 in Unarmed Combat
 24713 | D:15     | Found a staircase to the Depths.
 25073 | Spider:1 | Entered Level 1 of the Spider Nest
 25262 | Spider:1 | Reached skill level 8 in Shields
 25347 | Spider:1 | Noticed Josephine
 25360 | Spider:1 | Killed Josephine
 25709 | Spider:2 | Noticed Nikola
 25712 | Spider:2 | Noticed Arachne
 25719 | Spider:1 | Killed Nikola
 25801 | Spider:1 | Killed Arachne
 25810 | Spider:2 | Reached skill level 12 in Unarmed Combat
 25851 | Spider:2 | Reached skill level 9 in Shields
 26002 | Spider:2 | Noticed Mlioglotl
 26004 | Spider:2 | Noticed a tentacled starspawn
 26007 | Spider:2 | Noticed Agnes
 26009 | Spider:2 | Killed Mlioglotl
 26009 | Spider:2 | Killed Agnes
 26511 | Spider:2 | Gained mutation: You are dopey. (Int -2) [mutagenic glow]
 27076 | Spider:3 | Reached skill level 10 in Shields
 27156 | Spider:3 | Noticed Donald
 27159 | Spider:3 | Killed Donald
 27160 | Spider:3 | Reached skill level 13 in Unarmed Combat
 27572 | Spider:3 | Reached XP level 18. HP: 132/135 MP: 0/0
 27797 | Spider:4 | Entered Level 4 of the Spider Nest
 27812 | Spider:4 | Reached skill level 11 in Shields
 28111 | Spider:4 | Reached skill level 12 in Shields
 28183 | Spider:4 | Reached skill level 13 in Shields
 28227 | Spider:4 | Got a gossamer rune of Zot
 28396 | Spider:4 | Found a hide-covered altar of Uskayaw.
 28665 | Spider:4 | Reached skill level 14 in Shields
 28842 | Swamp:1  | Entered Level 1 of the Swamp
 29426 | Swamp:2  | Reached skill level 15 in Shields
 29475 | Swamp:2  | Found the +10 dark maul {vorpal}
 29914 | Swamp:3  | Reached XP level 19. HP: 140/140 MP: 0/0
 29914 | Swamp:3  | Learned a level 6 spell: Starburst
 30370 | Swamp:4  | Entered Level 4 of the Swamp
 30415 | Swamp:4  | Reached skill level 14 in Unarmed Combat
 30471 | Swamp:4  | Reached skill level 15 in Fighting
 30482 | Swamp:4  | Got a decaying rune of Zot
 30736 | Swamp:4  | Noticed Roxanne
 30803 | Swamp:4  | Killed Roxanne
 30828 | Swamp:4  | Identified the +1 kite shield of Feasting {Will+ Str+3}
 31252 | Elf:1    | Entered Level 1 of the Elven Halls
 31352 | Elf:1    | Reached skill level 15 in Unarmed Combat
 31559 | Elf:1    | You are sucked into a shaft and drop 1 floor!
 31735 | Elf:2    | Found Viedorghuv's Neck Hole.
 32089 | Elf:2    | Reached skill level 16 in Fighting
 32108 | Elf:2    | Found a runed translucent gate.
 32109 | Elf:2    | Found a runed translucent gate.
 32109 | Elf:2    | Found a runed translucent gate.
 32167 | Elf:2    | Reached XP level 20. HP: 151/151 MP: 0/0
 32418 | Elf:1    | Found Vaykyuh's Book Shop.
 32418 | Elf:1    | Found Zeapt's General Store.
 32437 | Elf:1    | Found Rywelys's Book Boutique.
 32439 | Elf:1    | Found Acletui's Weapon Shop.
 32452 | Elf:1    | Bought a scroll of fear for 56 gold pieces
 32854 | Elf:3    | Entered Level 3 of the Elven Halls
 33024 | Elf:3    | Found Zoakh's Armour Shop.
 33269 | Elf:3    | Reached skill level 16 in Unarmed Combat
 33442 | Elf:3    | Noticed a Tzitzimitl
 33445 | Elf:3    | Noticed a Brimstone Fiend
 33449 | Elf:3    | Reached skill level 11 in Invocations
 33544 | Elf:3    | Noticed an Ice Fiend
 33545 | Elf:3    | Reached skill level 17 in Fighting
 33636 | Elf:3    | Found the +3 sling "Punk" {acid, rCorr}
 34038 | Vaults:1 | Entered Level 1 of the Vaults
 34061 | Vaults:1 | Reached skill level 12 in Invocations
 34175 | Vaults:1 | Reached XP level 21. HP: 161/161 MP: 0/0
 34175 | Vaults:1 | Learned a level 7 spell: Orb of Destruction
 34544 | Vaults:1 | Reached skill level 18 in Fighting
 34544 | Vaults:1 | Reached skill level 13 in Invocations
 34814 | Vaults:1 | Reached skill level 14 in Invocations
 35327 | Vaults:2 | Reached skill level 15 in Invocations
 35901 | Vaults:2 | Reached XP level 22. HP: 169/169 MP: 0/0
 36635 | Vaults:3 | Found a staircase to the Crypt.
 36802 | Vaults:3 | Reached skill level 13 in Dodging
 37375 | Vaults:3 | Reached skill level 17 in Unarmed Combat
 37783 | Vaults:4 | Reached skill level 11 in Spellcasting
 38026 | Vaults:4 | Identified the +2 pair of gloves "Feacy" {Str+4}
 38393 | Vaults:4 | Found a transporter.
 38584 | Vaults:4 | Reached skill level 19 in Fighting
 38821 | Vaults:4 | Found a transporter.
 38866 | Vaults:4 | Found a bloodstained altar of Trog.
 38866 | Vaults:4 | Found the +8 Wrath of Trog {antimagic, *Rage Rampage}
 39068 | Vaults:4 | Found a runed translucent door.
 39172 | Vaults:4 | Reached XP level 23. HP: 178/178 MP: 0/0
 39172 | Vaults:4 | Learned a level 7 spell: Monstrous Menagerie
 39183 | Vaults:4 | Reached skill level 14 in Dodging
 39265 | Vaults:4 | Identified the +10 plate armour of the Pit {Int+6}
 39273 | Vaults:4 | Identified the +2 broad axe of the Radish {vorpal, rF+
                  | rCorr}
 39281 | Vaults:4 | Identified the +1 scale mail of Sedaon {rC- rN+++}
 39350 | Vaults:5 | Entered Level 5 of the Vaults
 39610 | Depths:1 | Entered Level 1 of the Depths
 39610 | Depths:1 | Identified the +0 kite shield of Anegeo {rF+ Regen+}
 39610 | Depths:1 | Noticed Asterion
 39617 | Depths:1 | Killed Asterion
 39859 | Depths:1 | Found a one-way gate to the infinite horrors of the Abyss.
 40305 | Depths:1 | Found a gateway to Hell.
 40679 | Depths:2 | Reached skill level 20 in Fighting
 40679 | Depths:2 | Reached skill level 18 in Unarmed Combat
 40696 | Depths:1 | Reached skill level 15 in Dodging
 40763 | Depths:2 | Reached skill level 12 in Spellcasting
 41001 | Depths:2 | Reached XP level 24. HP: 188/188 MP: 0/0
 41009 | Depths:2 | Acquired 913 gold pieces
 41166 | Depths:2 | Noticed a caustic shrike
 41172 | Depths:2 | Killed a caustic shrike
 41339 | Depths:2 | Noticed Aizul
 41345 | Depths:2 | Killed Aizul
 41352 | Depths:2 | Reached skill level 21 in Fighting
 41403 | Depths:2 | Found Liexuet's Antique Weapon Shoppe.
 41417 | Depths:2 | Found Sodd's Armour Shoppe.
 41425 | Depths:2 | Bought the +2 robe of Vines {NoPotionHeal Regen+++} for
                  | 1920 gold pieces
 41425 | Depths:2 | Found the +2 robe of Vines {NoPotionHeal Regen+++}
 41439 | Depths:2 | Found Vugeugin's Antique Armour Shop.
 41576 | Depths:2 | Found Sihem's Jewellery Shoppe.
 41745 | Depths:2 | Found a one-way gate leading to the halls of Pandemonium.
 42050 | Depths:3 | Reached skill level 16 in Dodging
 42067 | Depths:3 | Found a gateway to a ziggurat.
 42493 | Depths:3 | Noticed Saint Roka
 42509 | Depths:3 | Reached skill level 19 in Unarmed Combat
 42509 | Depths:3 | Killed Saint Roka
 42641 | Depths:3 | Reached skill level 13 in Spellcasting
 42661 | Depths:3 | Reached skill level 22 in Fighting
 42736 | Depths:3 | Noticed a juggernaut
 42744 | Depths:3 | Killed a juggernaut
 42745 | Depths:3 | Reached XP level 25. HP: 199/199 MP: 0/0
 42745 | Depths:3 | Learned a level 9 spell: Chain Lightning
 42811 | Depths:3 | Found a snail-covered altar of Cheibriados.
 43069 | Depths:3 | Found a sacrificial altar of Ru.
 43138 | Depths:4 | Entered Level 4 of the Depths
 43285 | Depths:4 | Reached skill level 17 in Dodging
 43361 | Depths:4 | Noticed a juggernaut
 43374 | Depths:4 | Killed a juggernaut
 43380 | Depths:4 | Noticed Frederick
 43392 | Depths:4 | Killed Frederick
 44089 | Depths:4 | Found a gate to the Realm of Zot.
 44139 | Depths:4 | Reached skill level 20 in Unarmed Combat
 44166 | Depths:4 | Found an ornate altar of the Wu Jian Council.
 44174 | Depths:4 | Noticed Margery
 44196 | Depths:4 | Killed Margery
 44576 | Depths:4 | Noticed a caustic shrike
 44576 | Depths:4 | Noticed a caustic shrike
 44576 | Depths:4 | Noticed a caustic shrike
 44581 | Depths:4 | Killed a caustic shrike
 44582 | Depths:4 | Reached skill level 18 in Dodging
 44582 | Depths:4 | Reached skill level 14 in Spellcasting
 44587 | Depths:4 | Killed a caustic shrike
 44592 | Depths:4 | Killed a caustic shrike
 45120 | Vaults:5 | Reached XP level 26. HP: 205/205 MP: 0/0
 45357 | Vaults:5 | Got a silver rune of Zot
 45511 | Vaults:5 | Reached skill level 21 in Unarmed Combat
 45786 | Vaults:5 | Reached skill level 15 in Spellcasting
 46093 | Vaults:5 | Reached skill level 23 in Fighting
 46944 | Zot:1    | Entered Level 1 of the Realm of Zot
 46944 | Zot:1    | Noticed an orb of fire
 46945 | Zot:1    | Gained mutation: You are partially covered in iridescent
                  | scales. (AC +2) [an orb of fire]
 46946 | Zot:1    | Gained mutation: You do not regenerate when monsters are
                  | visible. [an orb of fire]
 46952 | Zot:1    | Killed an orb of fire
 46953 | Zot:1    | Reached XP level 27. HP: 216/216 MP: 0/0
 46953 | Zot:1    | Learned a level 9 spell: Shatter
 46953 | Zot:1    | Lost mutation: You are dopey. (Int -2) [potion of mutation]
 46953 | Zot:1    | Lost mutation: You are partially covered in iridescent
                  | scales. (AC +2) [potion of mutation]
 46953 | Zot:1    | Gained mutation: You sometimes lose the ability to read
                  | scrolls when taking damage. [potion of mutation]
 46953 | Zot:1    | Lost mutation: You occasionally shout uncontrollably at
                  | your foes. [potion of mutation]
 46954 | Zot:1    | Lost mutation: You sometimes lose the ability to read
                  | scrolls when taking damage. [potion of mutation]
 46954 | Zot:1    | Lost mutation: You do not regenerate when monsters are
                  | visible. [potion of mutation]
 46954 | Zot:1    | Gained mutation: You have hidden genetic potential. [potion
                  | of mutation]
 46954 | Zot:1    | Gained mutation: Your spells are a little easier to cast,
                  | but a little less powerful. [potion of mutation]
 46954 | Zot:1    | Gained mutation: Your muscles are strong. (Str +2) [potion
                  | of mutation]
 47180 | Zot:3    | Noticed a Killer Klown
 47187 | Zot:3    | Killed a Killer Klown
 47188 | Zot:3    | Reached skill level 24 in Fighting
 47390 | Zot:5    | Entered Level 5 of the Realm of Zot
 47500 | Zot:5    | Noticed a dread lich
 47538 | Zot:5    | Reached skill level 25 in Fighting
 47575 | Zot:5    | Killed a dread lich
 48272 | Zot:5    | Found a runed translucent gate.
 48273 | Zot:5    | Found a runed translucent gate.
 48274 | Zot:5    | Found a runed translucent gate.
 48275 | Zot:5    | Noticed Johnny's ghost (master DrIE)
 48277 | Zot:5    | Found a viscous altar of Jiyva.
 48303 | Zot:5    | Noticed a Killer Klown
 48310 | Zot:5    | Noticed an orb of fire
 48313 | Zot:5    | Gained mutation: You occasionally shout uncontrollably at
                  | your foes. [an orb of fire]
 48320 | Zot:5    | Killed an orb of fire
 48333 | Zot:5    | Noticed a Killer Klown
 48333 | Zot:5    | Noticed an orb of fire
 48334 | Zot:5    | Noticed a Killer Klown
 48338 | Zot:5    | Got the Orb of Zot
 48340 | Zot:5    | Noticed an orb of fire
 48363 | Zot:5    | Noticed a dread lich
 48365 | Zot:5    | Killed an orb of fire
 48366 | Zot:5    | Noticed an orb of fire
 48369 | Zot:5    | Noticed an orb of fire
 48372 | Zot:5    | Killed a dread lich
 48376 | Zot:5    | Killed an orb of fire
 48377 | Zot:5    | Reached skill level 16 in Spellcasting
 48378 | Zot:5    | Gained mutation: You frequently scream uncontrollably at
                  | your foes. [an orb of fire]
 48381 | Zot:5    | Killed an orb of fire
 48381 | Zot:5    | Noticed a dread lich
 48386 | Zot:5    | Noticed a dread lich
 48386 | Zot:5    | Killed an orb of fire
 48390 | Zot:5    | Killed a dread lich
 48391 | Zot:5    | Noticed an ancient lich
 48392 | Zot:5    | Noticed a dread lich
 48394 | Zot:5    | Killed a dread lich
 48394 | Zot:5    | Noticed a dread lich
 48398 | Zot:5    | Killed a dread lich
 48398 | Zot:5    | Killed an ancient lich
 48400 | Zot:5    | Killed a dread lich
 48403 | Zot:5    | Noticed an ancient lich
 48405 | Zot:5    | Killed a Killer Klown
 48406 | Zot:5    | Reached skill level 17 in Spellcasting
 48411 | Zot:5    | Killed an ancient lich
 48418 | Zot:5    | Killed a Killer Klown
 48424 | Zot:5    | Killed a Killer Klown
 48978 | D:$      | Escaped with the Orb!

Illustrated notes

Levels and vault maps discovered:
D:1:      beargit_arrival_diablo_church, layout_loops_ring, minmay_tetromino_l4
D:2:      layout_rooms, uniq_robin
D:3:      layout_loops_ring, shapermc_ecumenical_altar_acropolis
D:4:      layout_rooms, hangedman_decor_points, uniq_sigmund, uniq_eustachio
D:5:      layout_cave_pools, minmay_temple_entry_stoned_glass
D:6:      layout_basic
D:7:      layout_loops_ring, mainiacjoe_overflow_alcove_4,
          gammafunk_ghost_stat_death, grunt_decor_mini_mirrors,
          minmay_the_grid_2x2 [minmay_the_grid_holed_spiral,
          minmay_the_grid_tri_star, minmay_the_grid_diamond_grid,
          minmay_the_grid_prize_diamond_cup], uniq_duvessa
D:8:      layout_basic, grunt_decor_fettered, uniq_psyche, uniq_pikel
D:9:      layout_stronghold, david_orc_3
D:10:     layout_rooms, nicolae_hepliaklqana_hazy_memory,
          gammafunk_temple_overflow_elements, nicolae_trove_entry_isolated,
          minivault_27, uniq_erolcha
D:11:     layout_roguey, erik_lair_orcish_takeover, serial_shops, shop,
          nicolae_two_hexagons
D:12:     layout_long_grid, uniq_snorg
D:13:     layout_rooms, grunt_vaults_entry_fortified, serial_shops,
          nicolae_shop_behind_doors, uniq_sonja, uniq_maurice, uniq_kirke
D:14:     layout_loops_ring
D:15:     grunt_enter_depths_magical_seal, layout_loops_corners,
          yredelemnul_altar_generic, portal_ice_cave_entry_dragon
Temple:   regret_index_temple_mists
Lair:1:   minmay_lair_oklob_chamber, layout_gridlike, lemuel_fruit_tree
Lair:2:   layout_misc_corridors, beast_lair_carwin_8, uniq_nergalle
Lair:3:   layout_regular_city
Lair:4:   layout_regular_city, minmay_swamp_entry_swarm, dummy_spider_entry,
          uniq_nessos
Lair:5:   layout_regular_city, enter_volcano_3, ebering_ghost_inner_flame
Lair:6:   evilmike_catoblepas_cave, layout_hall_layers, slime_dummy,
          lemuel_fruit_fields, serial_bayou_shore_b
Swamp:1:  layout_falls_marsh, nicolae_swamp_feature_on_the_river_bank,
          swamp_pool3
Swamp:2:  layout_falls_marsh, serial_swamp_ruin, evilmike_swamp_ruin_house_1,
          evilmike_swamp_ruin_house_3, swamp_pool1
Swamp:3:  layout_basic_swamp, infiniplex_staircase_pool
Swamp:4:  swamp_alternative, layout_basic_swamp, nicolae_swamp_round_clearing,
          uniq_roxanne
Spider:1: layout_spider_delve, nicolae_crawler_farm, uniq_josephine
Spider:2: layout_chambers, uniq_nikola, uniq_agnes, uniq_mlioglotl, uniq_arachne
Spider:3: layout_spider_delve, nicolae_spider_bzzzt, uniq_donald
Spider:4: grunt_spider_rune_circles, drop_trap, nicolae_spider_altar_of_dancing
Orc:1:    layout_diamond_mine, nicolae_orc_damp_corner, abandoned_shop,
          nicolae_alphabet_shops, nicolae_orc_flooded_monolith
Orc:2:    kennysheep_orc_mage_school, layout_caves, nicolae_orc_rockfall,
          uniq_azrael
Elf:1:    layout_geoelf_octagon, minmay_elf_sorcery, kilobyte_rumbling_trees,
          minmay_shoptagon
Elf:2:    nicolae_elf_blades_crystal_corner, layout_loops_corners,
          nicolae_shop_sticking_my_neck_out
Elf:3:    minmay_elf_hall_circle, layout_gridlike, serial_shops, shop
Vaults:1: nicolae_vaults_stairing_the_circle, nicolae_vaults_network_s,
          hangedman_vaults_stream, grunt_vaults_hallway_long,
          nicolae_vaults_three_branches, v_pattern_5,
          ontoclasm_vaults_decontamination, vaults_room_ringed_pool, st_cross,
          layout_vaults_big_room
Vaults:2: vaults_dpeg_ring, grunt_vaults_hallway_long,
          nicolae_vaults_shelves_hall, hangedman_vaults_stretched_pinwheel,
          grunt_vaults_swirl, vaults_mumra_hex, hangedman_vaults_stitches,
          hangedman_vaults_hat, vaults_room_pool, hangedman_vaults_slice,
          v_alt_pattern_2, layout_vaults_ring
Vaults:3: vaults_room_hallway, ontoclasm_vaults_idyll, vaults_room_octagon,
          nicolae_vaults_hallways_thing, vaults_mumra_hexcomb, v_rooms_1,
          ontoclasm_vaults_ligature, nicolae_vaults_angled_halls,
          minmay_crypt_entry_nasty_monster, layout_vaults_quadrants
Vaults:4: v_misc_19, emtedronai_trogs_sanctum, nicolae_vaults_ring_of_whatevers,
          hangedman_vaults_corner_blocks, nicolae_vaults_little_ls,
          hangedman_vaults_trim, v_rooms_6, v_misc_3, v_misc_22,
          nicolae_vaults_little_squares_3, vaults_dpeg_hooks,
          layout_vaults_omnicross
Vaults:5: serial_shops
Depths:1: minmay_box_of_statues, layout_cave_shapes, hell_entry, abyss_entry,
          minmay_misc_feat_room, ice2_lemuel, roderic_lattice_octagonal_star,
          uniq_asterion
Depths:2: nooodl_heptagram, layout_basic, serial_shops, nicolae_lakefront_shop,
          shop, shop, kennysheep_little_box, rand_demon_pan_entry_4, hell_entry,
          drop_trap, infiniplex_staircase_zigzag_2, uniq_aizul
Depths:3: pf_snail_temple, layout_basic, enter_ziggurat_f, abyss_entry,
          nicolae_ru_the_path_less_chosen, hell_entry, uniq_saint_roka
Depths:4: grunt_zot_entry_gee_three, layout_gridlike, roderic_lattice_a,
          grunt_hell_horde, nicolae_wu_jian_wuxing_cycle, uniq_frederick,
          uniq_margery
Zot:1:    layout_cathedral_of_symmetry, st_single_dragon_hoard_4,
          grunt_megastairs_2
Zot:2:    layout_gridlike, st_stairs_14, grunt_megastairs_5
Zot:3:    layout_misc_corridors, grunt_ministairs_6, nrook_zot_tub
Zot:4:    layout_gridlike, zot_minivault_1
Zot:5:    layout_misc_corridors, gammafunk_ghost_ooze, lemuel_baited_zot_trap,
          drop_trap

Skill      XL: |  1  2  3  4  5  6  7  8  9 10 11 12 13 14 15 16 17 18 19 20 21 22 23 24 25 26 27 |
---------------+----------------------------------------------------------------------------------+-----
Stealth        | 2 3 6 |  6.0
Fighting       | 1 2 3 4 5 6 9 10 13 14 16 17 18 19 20 22 23 25 | 25.0
Spellcasting   | 4 5 6 7 8 9 10 11 12 13 14 15 17 | 17.4
Shields        | 1 4 7 10 15 | 15.0
Evocations     | 4 |  4.0
Invocations    | 5 8 10 12 15 | 15.0
Dodging        | 6 8 9 11 12 13 15 16 18 | 18.0
Armour         | 4 10 13 | 13.6
Unarmed Combat | 6 10 13 15 16 17 18 19 20 21 | 21.6

Action                   |  1- 3 |  4- 6 |  7- 9 | 10-12 | 13-15 | 16-18 | 19-21 | 22-24 | 25-27 || total
-------------------------+-------+-------+-------+-------+-------+-------+-------+-------+-------++-------
Melee: Unarmed           |     7 |       |       |       |       |   776 |   771 |   851 |   761 ||  3166
       Rapier            |    52 |    58 |   132 |   108 |    17 |       |       |       |       ||   367
       Dagger            |       |     5 |       |       |       |       |       |       |       ||     5
       Whip              |       |       |       |       |   240 |    11 |       |       |       ||   251
       Staff             |       |       |       |       |       |     2 |       |       |       ||     2
Throw: Stone             |     5 |       |       |       |       |       |       |       |       ||     5
       Dart              |       |       |     8 |     2 |       |     1 |       |       |       ||    11
 Cast: Summon Small Mamm |    22 |     1 |       |       |       |       |       |       |       ||    23
       Call Imp          |     2 |     7 |     1 |       |       |       |       |       |       ||    10
       Sandblast         |    16 |    35 |    21 |     5 |       |       |       |       |       ||    77
       Summon Guardian G |       |     2 |     7 |    13 |     1 |       |       |       |       ||    23
       Call Canine Famil |       |     1 |    18 |    27 |     8 |       |       |       |       ||    54
       Poisonous Vapours |       |       |    16 |   107 |    27 |     7 |       |       |       ||   157
       Slow              |       |       |       |    11 |     4 |     2 |       |       |       ||    17
       Flame Wave        |       |       |       |    46 |   106 |    37 |       |       |       ||   189
       Summon Lightning  |       |       |       |       |     7 |       |       |       |       ||     7
       Statue Form       |       |       |       |       |    26 |    82 |    84 |    73 |    74 ||   339
       Invisibility      |       |       |       |       |       |    17 |     2 |     1 |     4 ||    24
       Starburst         |       |       |       |       |       |       |    35 |    92 |   101 ||   228
       Orb of Destructio |       |       |       |       |       |       |       |     1 |       ||     1
       Shatter           |       |       |       |       |       |       |       |       |     2 ||     2
Invok: Bend Time         |       |       |       |     1 |       |       |       |       |       ||     1
       Temporal Distorti |       |       |       |     1 |     1 |     2 |     1 |     2 |       ||     7
       Slouch            |       |       |       |     1 |     1 |    10 |     1 |    10 |     7 ||    30
       Step From Time    |       |       |       |       |       |       |     1 |     1 |       ||     2
 Abil: Evoke Blink       |       |       |       |       |       |     2 |       |       |       ||     2
       End Transformatio |       |       |       |       |       |       |       |       |     2 ||     2
Evoke: Wand              |       |       |     6 |     8 |    18 |    15 |     1 |    10 |    12 ||    70
       Tin of tremorston |       |       |       |     2 |     2 |     4 |     3 |       |     4 ||    15
       Lightning rod     |       |       |       |       |     4 |     4 |       |       |       ||     8
       Box of beasts     |       |       |       |       |       |       |       |     1 |       ||     1
       Condenser vane    |       |       |       |       |       |       |       |       |     5 ||     5
       Phial of floods   |       |       |       |       |       |       |       |       |     2 ||     2
  Use: Scroll            |       |     5 |     5 |    11 |     4 |    17 |     5 |     3 |    17 ||    67
       Potion            |       |       |     1 |       |       |       |     2 |       |     7 ||    10
 Stab: Sleeping          |     3 |     2 |     1 |     2 |     7 |     8 |    14 |     5 |     2 ||    44
       Distracted        |       |       |     2 |       |     2 |     2 |     5 |     2 |     3 ||    16
       Paralysed         |       |       |     5 |       |       |     2 |       |       |       ||     7
       Petrified         |       |       |       |       |     1 |       |       |       |       ||     1
       Invisible         |       |       |       |       |       |    74 |    16 |     5 |    18 ||   113
       Held in net/web   |       |       |       |       |       |     1 |       |       |       ||     1
       Confused          |       |       |       |       |       |       |     1 |       |     1 ||     2
Armor: Robe              |    22 |    21 |    45 |       |       |       |       |       |       ||    88
       Steam dragon scal |       |       |    13 |    33 |       |       |       |       |       ||    46
       Acid dragon scale |       |       |       |    20 |    47 |       |       |       |       ||    67
       Skin              |       |       |       |       |   100 |   374 |   350 |   222 |   184 ||  1230
       Troll leather arm |       |       |       |       |       |    12 |     1 |     2 |    10 ||    25
Dodge: Dodged            |    51 |    47 |    75 |   138 |   736 |  1701 |  1122 |  1045 |   968 ||  5883
Block: Buckler           |       |       |    27 |    95 |   336 |   509 |       |       |       ||   967
       Kite shield       |       |       |       |       |       |   602 |  1206 |  1177 |  1004 ||  3989

Table legend: (Time is in decaauts)
 A = Elapsed time spent in this place.
 B = Non-inter-level travel time spent in this place.
 C = Inter-level travel time spent in this place.
 D = Time resting spent in this place.
 E = Time spent auto-exploring this place.
 F = Levels seen in this place.
 G = Mean time per level.
                   A        B        C        D        E       F      G
               +--------+--------+--------+--------+--------+-----+--------+
         Total |  84708 |  76683 |   8025 |   5042 |  51441 |  51 | 1660.9 |
       Dungeon |  24028 |  21302 |   2726 |   2724 |  14005 |  15 | 1601.9 |
        Temple |    158 |    140 |     18 |      0 |     81 |   1 |  158.0 |
          Lair |   9858 |   8987 |    871 |    125 |   6829 |   6 | 1643.0 |
         Swamp |   4739 |   4393 |    346 |      0 |   3342 |   4 | 1184.8 |
   Spider Nest |   7669 |   7203 |    466 |     93 |   4943 |   4 | 1917.2 |
  Orcish Mines |   3580 |   3361 |    219 |     97 |   2184 |   2 | 1790.0 |
   Elven Halls |   5715 |   5345 |    370 |    108 |   3704 |   3 | 1905.0 |
        Vaults |  14417 |  12696 |   1721 |    162 |   9091 |   5 | 2883.4 |
        Depths |  10500 |   9544 |    956 |    434 |   6773 |   4 | 2625.0 |
           Zot |   2599 |   2271 |    328 |    685 |    361 |   5 |  519.8 |
      Ice Cave |    428 |    428 |      0 |    230 |      0 |   1 |  428.0 |
       Volcano |   1012 |   1012 |      0 |    383 |    126 |   1 | 1012.0 |
               +--------+--------+--------+--------+--------+-----+--------+

Top non-repeatable levels by time:
Vaults:4: 3497 daAuts
Depths:4: 3188 daAuts
Vaults:5: 3035 daAuts
Vaults:3: 2810 daAuts
Depths:2: 2792 daAuts
Vaults:1: 2724 daAuts
Spider:2: 2496 daAuts
    D:15: 2475 daAuts
  Lair:6: 2432 daAuts
Vaults:2: 2350 daAuts
Depths:3: 2349 daAuts
Depths:1: 2169 daAuts
   Elf:3: 2168 daAuts
     D:9: 2082 daAuts
   Orc:2: 2022 daAuts
